| TOP OF THE 1ST |
|
Colorado (EL) Rockies batting - Pitching for Biloxi Shuckers : RHP Brett Rosinsky
|
|
Pitching: RHP Brett Rosinsky
|
|
|
Batting: RHB Doug D'Onofrio
|
0-0: Called Strike 0-1: Fly out, F8 (Flyball, 78M, EV 92.5 MPH)
|
|
Batting: RHB Kevin Tangeman
|
0-0: Called Strike 0-1: Ball 1-1: Ball 2-1: Foul Ball, location: 2F 2-2: Strikes out looking
|
|
Batting: LHB Mick Tucker
|
0-0: Ball 1-0: Ground out 4-3 (Groundball, 4, EV 98.1 MPH)
|
| Top of the 1st over - 0 runs, 0 hits, 0 errors, 0 left on base; Colorado (EL) 0 - Biloxi 0 |
| BOTTOM OF THE 1ST |
|
Biloxi Shuckers batting - Pitching for Colorado (EL) Rockies : RHP Andrew Ferrell
|
|
Pitching: RHP Andrew Ferrell
|
|
|
Batting: LHB Pablo Cardona
|
0-0: Fly out, F9 (Flyball, 9S, EV 93.1 MPH)
|
|
Batting: SHB Ramon Perez
|
0-0: Called Strike 0-1: Swinging Strike 0-2: Ground out 4-3 (Groundball, 34, EV 110.6 MPH)
|
|
Batting: SHB Orlando Torres
|
0-0: Fly out, F7 (Flyball, 7D, EV 99.4 MPH)
|
| Bottom of the 1st over - 0 runs, 0 hits, 0 errors, 0 left on base; Colorado (EL) 0 - Biloxi 0 |
| TOP OF THE 2ND |
|
Colorado (EL) Rockies batting - Pitching for Biloxi Shuckers : RHP Brett Rosinsky
|
|
Batting: RHB John Corfield
|
0-0: Ball 1-0: Ball 2-0: Ball 3-0: Base on Balls
|
|
Batting: RHB Chris Osting
|
0-0: Ball 1-0: Grounds into double play, 6-4-3 (Groundball, 6, EV 92.5 MPH)
|
|
Batting: RHB Ray Insley
|
0-0: Called Strike 0-1: Called Strike 0-2: Foul Ball, location: 2F 0-2: Ball 1-2: Strikes out swinging
|
| Top of the 2nd over - 0 runs, 0 hits, 0 errors, 0 left on base; Colorado (EL) 0 - Biloxi 0 |
| BOTTOM OF THE 2ND |
|
Biloxi Shuckers batting - Pitching for Colorado (EL) Rockies : RHP Andrew Ferrell
|
|
Batting: LHB Rick Campbell
|
0-0: DOUBLE (Groundball, 3L, EV 96.9 MPH)
|
|
Batting: RHB Ben Taylor
|
0-0: Called Strike 0-1: Ball 1-1: Swinging Strike 1-2: Ball 2-2: Ball 3-2: Base on Balls
|
|
Batting: RHB Hector Silva
|
0-0: Ball 1-0: Foul Ball, location: 2F 1-1: Ball 2-1: Ball 3-1: Base on Balls Rick Campbell to third Ben Taylor to second
|
|
Batting: RHB Steve Byerly
|
0-0: Called Strike 0-1: Fielders Choice at 2nd, 3-6 (Groundball, 34, EV 83.8 MPH) Rick Campbell scores Ben Taylor to third
|
|
Batting: RHB Bobby Heagle
|
0-0: Ball 1-0: Ball 2-0: SINGLE (Groundball, 6D, EV 103.1 MPH) Ben Taylor scores Steve Byerly to second
|
|
Batting: RHB Brian Landrum
|
0-0: SINGLE (Groundball, 6MD, EV 95.0 MPH) Steve Byerly to third Bobby Heagle to second
|
|
Batting: LHB Pablo Cardona
|
0-0: Fielders Choice at 2nd, 4-6 (Groundball, 4, EV 105.0 MPH) Steve Byerly scores Bobby Heagle to third
|
|
Batting: SHB Ramon Perez
|
0-0: DOUBLE (Flyball, 8LXD, EV 90.0 MPH) Bobby Heagle scores Pablo Cardona to third Runner from 3rd tries for Home, SAFE, no throw by CF
|
|
Batting: SHB Orlando Torres
|
0-0: Ball 1-0: Called Strike 1-1: Ball 2-1: SINGLE (Line Drive, 5D, EV 101.2 MPH) Ramon Perez to third
|
|
Pitching: RHP Lorenzo Pacheco
|
|
|
Batting: LHB Rick Campbell
|
0-0: Ball 1-0: Foul Ball, location: 2F 1-1: Foul Ball, location: 2F 1-2: Foul Ball, location: 2F 1-2: Foul Ball, location: 2F 1-2: Ball 2-2: Ball 3-2: Foul Ball, location: 2F 3-2: Ground out 5-3 (Groundball, 5, EV 80.6 MPH)
|
| Bottom of the 2nd over - 5 runs, 5 hits, 0 errors, 2 left on base; Colorado (EL) 0 - Biloxi 5 |
| TOP OF THE 3RD |
|
Colorado (EL) Rockies batting - Pitching for Biloxi Shuckers : RHP Brett Rosinsky
|
|
Batting: SHB Craig Ruzic
|
0-0: Ball 1-0: Ball 2-0: Ball 3-0: Base on Balls
|
|
Batting: RHB Manny Thompson
|
0-0: Swinging Strike 0-1: Swinging Strike 0-2: Foul Ball, location: 2F 0-2: Ball 1-2: Strikes out swinging
|
|
Batting: RHB Juan Gallardo
|
0-0: Hit by Pitch Craig Ruzic to second
|
|
Batting: RHB Doug D'Onofrio
|
0-0: Called Strike 0-1: Swinging Strike 0-2: Strikes out swinging
|
|
Batting: RHB Kevin Tangeman
|
0-0: Swinging Strike 0-1: Foul Ball, location: 2F 0-2: Hit by Pitch Craig Ruzic to third Juan Gallardo to second
|
|
Batting: LHB Mick Tucker
|
0-0: Ball 1-0: Foul Ball, location: 2F 1-1: Foul Ball, location: 2F 1-2: SINGLE (Groundball, 4MD, EV 97.5 MPH) Craig Ruzic scores Juan Gallardo to third Kevin Tangeman to second Runner from 3rd tries for Home, SAFE, throw by CF to home
|
|
Batting: RHB John Corfield
|
0-0: Foul Ball, location: 2F 0-1: SINGLE (Groundball, 56S, EV 62.5 MPH) (infield hit) Kevin Tangeman to third Mick Tucker to second
|
|
Batting: RHB Chris Osting
|
0-0: Ball 1-0: Foul Ball, location: 2F 1-1: Foul Ball, location: 2F 1-2: Ball 2-2: Strikes out looking
|
| Top of the 3rd over - 2 runs, 2 hits, 0 errors, 3 left on base; Colorado (EL) 2 - Biloxi 5 |
| BOTTOM OF THE 3RD |
|
Biloxi Shuckers batting - Pitching for Colorado (EL) Rockies : RHP Lorenzo Pacheco
|
|
Batting: RHB Ben Taylor
|
0-0: Ball 1-0: Called Strike 1-1: Ball 2-1: Ball 3-1: Foul Ball, location: 2F 3-2: Base on Balls
|
|
Batting: RHB Hector Silva
|
0-0: Called Strike 0-1: Called Strike 0-2: Ball 1-2: DOUBLE (Line Drive, 5D, EV 100.0 MPH) Ben Taylor to third
|
|
Batting: RHB Steve Byerly
|
0-0: Ball 1-0: SINGLE (Groundball, 25, EV 73.8 MPH) (infield hit)
|
|
Batting: RHB Bobby Heagle
|
0-0: Ball 1-0: Called Strike 1-1: Ball 2-1: Grounds into double play, 6-4-3 (Groundball, 6, EV 110.0 MPH) Ben Taylor scores Hector Silva to third
|
|
Batting: RHB Brian Landrum
|
0-0: Ball 1-0: Ball 2-0: Ball 3-0: Base on Balls
|
|
Batting: LHB Pablo Cardona
|
0-0: Swinging Strike 0-1: Foul Ball, location: 2F 0-2: Ground out 6-3 (Groundball, 6MS, EV 76.2 MPH)
|
| Bottom of the 3rd over - 1 run, 2 hits, 0 errors, 2 left on base; Colorado (EL) 2 - Biloxi 6 |
| TOP OF THE 4TH |
|
Colorado (EL) Rockies batting - Pitching for Biloxi Shuckers : RHP Brett Rosinsky
|
|
Batting: RHB Ray Insley
|
0-0: Ground out 5-3 (Groundball, 56, EV 88.8 MPH)
|
|
Batting: SHB Craig Ruzic
|
0-0: Called Strike 0-1: Ball 1-1: Ball 2-1: Foul Ball, location: 2F 2-2: Foul Ball, location: 2F 2-2: Foul Ball, location: 2F 2-2: Ground out 5-3 (Groundball, 56S, EV 82.5 MPH)
|
|
Batting: RHB Manny Thompson
|
0-0: Foul Ball, location: 2F 0-1: Called Strike 0-2: Ball 1-2: Strikes out swinging
|
| Top of the 4th over - 0 runs, 0 hits, 0 errors, 0 left on base; Colorado (EL) 2 - Biloxi 6 |
| BOTTOM OF THE 4TH |
|
Biloxi Shuckers batting - Pitching for Colorado (EL) Rockies : RHP Lorenzo Pacheco
|
|
Batting: SHB Ramon Perez
|
0-0: Ball 1-0: Ball 2-0: Swinging Strike 2-1: Ball 3-1: Base on Balls
|
|
Batting: SHB Orlando Torres
|
0-0: Called Strike 0-1: Fly out, F7 (Flyball, 7LS, EV 95.0 MPH)
|
|
Batting: LHB Rick Campbell
|
0-0: Foul Ball, location: 2F 0-1: Ball 1-1: Ball 2-1: Foul Ball, location: 2F 2-2: Ball 3-2: Base on Balls Ramon Perez to second
|
|
Pitching: RHP Dane Long
|
|
|
Batting: RHB Ben Taylor
|
0-0: Grounds into double play, 6-4-3 (Groundball, 6, EV 85.0 MPH)
|
| Bottom of the 4th over - 0 runs, 0 hits, 0 errors, 1 left on base; Colorado (EL) 2 - Biloxi 6 |
| TOP OF THE 5TH |
|
Colorado (EL) Rockies batting - Pitching for Biloxi Shuckers : RHP Brett Rosinsky
|
|
Batting: RHB Juan Gallardo
|
0-0: Called Strike 0-1: Ball 1-1: Ball 2-1: TRIPLE (Line Drive, 89XD, EV 99.4 MPH)
|
|
Batting: RHB Doug D'Onofrio
|
0-0: Ball 1-0: Foul Ball, location: 2F 1-1: Foul Ball, location: 2F 1-2: Foul Ball, location: 2F 1-2: Ball 2-2: SINGLE (Groundball, 6S, EV 70.0 MPH) (infield hit) Juan Gallardo scores
|
|
Batting: RHB Kevin Tangeman
|
0-0: Ball 1-0: Swinging Strike 1-1: Grounds into double play, 6-4-3 (Groundball, 6, EV 85.0 MPH)
|
|
Batting: LHB Mick Tucker
|
0-0: Swinging Strike 0-1: Foul Ball, location: 2F 0-2: Ball 1-2: SINGLE (Groundball, 3D, EV 98.1 MPH)
|
|
Batting: RHB John Corfield
|
0-0: Foul Ball, location: 2F 0-1: Ball 1-1: Called Strike Mick Tucker steals 2nd base 1-2: Ball 2-2: Ball 3-2: Foul Ball, location: 2F 3-2: Base on Balls
|
|
Batting: RHB Chris Osting
|
0-0: Ball 1-0: Fly out, F6 (Line Drive, 6, EV 73.1 MPH)
|
| Top of the 5th over - 1 run, 3 hits, 0 errors, 2 left on base; Colorado (EL) 3 - Biloxi 6 |
| BOTTOM OF THE 5TH |
|
Biloxi Shuckers batting - Pitching for Colorado (EL) Rockies : RHP Dane Long
|
|
Batting: RHB Hector Silva
|
0-0: Ball 1-0: Ball 2-0: Called Strike 2-1: Ball 3-1: Base on Balls
|
|
Batting: RHB Steve Byerly
|
0-0: Ball 1-0: SINGLE (Groundball, 34D, EV 96.2 MPH) Hector Silva to second Runner from 2nd tries for 3rd, SAFE, throw by RF made to third
|
|
Batting: RHB Bobby Heagle
|
0-0: Called Strike 0-1: Called Strike 0-2: Grounds into double play, 6-4-3 (Groundball, 6, EV 83.8 MPH) Hector Silva scores
|
|
Batting: RHB Brian Landrum
|
0-0: Called Strike 0-1: TRIPLE (Flyball, 78XD, EV 103.1 MPH)
|
|
Batting: LHB Pablo Cardona
|
0-0: Ball 1-0: Ground out 6-3 (Groundball, 6M, EV 83.8 MPH)
|
| Bottom of the 5th over - 1 run, 2 hits, 0 errors, 1 left on base; Colorado (EL) 3 - Biloxi 7 |
| TOP OF THE 6TH |
|
Colorado (EL) Rockies batting - Pitching for Biloxi Shuckers : RHP Brett Rosinsky
|
|
Batting: RHB Ray Insley
|
0-0: Ball 1-0: Ground out 6-3 (Groundball, 6, EV 86.2 MPH)
|
|
Batting: SHB Craig Ruzic
|
0-0: Foul Ball, location: 2F 0-1: Foul Ball, location: 2F 0-2: Ball 1-2: Strikes out swinging
|
|
Batting: RHB Manny Thompson
|
0-0: Ball 1-0: Ball 2-0: Called Strike 2-1: Ball 3-1: Base on Balls
|
|
Pitching: RHP Jon Warren
|
|
|
Batting: RHB Juan Gallardo
|
0-0: Called Strike 0-1: Foul Ball, location: 2F 0-2: Ball 1-2: Fly out, F8 (Flyball, 78M, EV 93.8 MPH)
|
| Top of the 6th over - 0 runs, 0 hits, 0 errors, 1 left on base; Colorado (EL) 3 - Biloxi 7 |
| BOTTOM OF THE 6TH |
|
Biloxi Shuckers batting - Pitching for Colorado (EL) Rockies : RHP Dane Long
|
|
Batting: SHB Ramon Perez
|
0-0: Called Strike 0-1: Swinging Strike 0-2: Ground out U3 (Groundball, 34S, EV 79.4 MPH)
|
|
Batting: SHB Orlando Torres
|
0-0: Called Strike 0-1: Ball 1-1: SOLO HOME RUN (Flyball, 9D, EV 96.2 MPH), Distance : 360 ft
|
|
Batting: LHB Rick Campbell
|
0-0: Ball 1-0: Ball 2-0: Ball 3-0: Called Strike 3-1: Base on Balls
|
|
Batting: RHB Ben Taylor
|
0-0: Ball 1-0: Grounds into double play, 5-4-3 (Groundball, 56, EV 103.1 MPH)
|
| Bottom of the 6th over - 1 run, 1 hit, 0 errors, 0 left on base; Colorado (EL) 3 - Biloxi 8 |
| TOP OF THE 7TH |
|
Colorado (EL) Rockies batting - Pitching for Biloxi Shuckers : RHP Jon Warren
|
|
Batting: RHB Doug D'Onofrio
|
0-0: Called Strike 0-1: Foul Ball, location: 2F 0-2: Strikes out swinging
|
|
Batting: RHB Kevin Tangeman
|
0-0: Foul Ball, location: 2F 0-1: Ball 1-1: Ball 2-1: Ball 3-1: Base on Balls
|
|
Batting: LHB Mick Tucker
|
0-0: Swinging Strike 0-1: Called Strike 0-2: Strikes out swinging
|
|
Batting: RHB John Corfield
|
0-0: Ball 1-0: Called Strike 1-1: Ball 2-1: Foul Ball, location: 2F 2-2: Ball 3-2: Strikes out swinging
|
| Top of the 7th over - 0 runs, 0 hits, 0 errors, 1 left on base; Colorado (EL) 3 - Biloxi 8 |
| BOTTOM OF THE 7TH |
|
Biloxi Shuckers batting - Pitching for Colorado (EL) Rockies : RHP Dane Long
|
|
Batting: RHB Hector Silva
|
0-0: Ball 1-0: Ball 2-0: Ball 3-0: Called Strike 3-1: Swinging Strike 3-2: Strikes out swinging
|
|
Batting: RHB Steve Byerly
|
0-0: Ball 1-0: Fly out, F8 (Flyball, 8RM, EV 88.1 MPH)
|
|
Batting: RHB Bobby Heagle
|
0-0: Ball 1-0: Ball 2-0: Swinging Strike 2-1: Ball 3-1: Fly out, F8 (Flyball, 8RD, EV 101.9 MPH)
|
| Bottom of the 7th over - 0 runs, 0 hits, 0 errors, 0 left on base; Colorado (EL) 3 - Biloxi 8 |
| TOP OF THE 8TH |
|
Colorado (EL) Rockies batting - Pitching for Biloxi Shuckers : RHP Jon Warren
|
|
Batting: RHB Chris Osting
|
0-0: Called Strike 0-1: Swinging Strike 0-2: Ball 1-2: Ground out 4-3 (Groundball, 6MS, EV 88.8 MPH)
|
|
Batting: RHB Ray Insley
|
0-0: Swinging Strike 0-1: Called Strike 0-2: Foul Ball, location: 2F 0-2: Ball 1-2: Strikes out looking
|
|
Batting: SHB Craig Ruzic
|
0-0: Called Strike 0-1: Ball 1-1: Ball 2-1: Called Strike 2-2: Ball 3-2: Foul Ball, location: 2F 3-2: Strikes out looking
|
| Top of the 8th over - 0 runs, 0 hits, 0 errors, 0 left on base; Colorado (EL) 3 - Biloxi 8 |
| BOTTOM OF THE 8TH |
|
Biloxi Shuckers batting - Pitching for Colorado (EL) Rockies : RHP Dane Long
|
|
Pitching: RHP Manny Lebron
|
|
|
Batting: RHB Brian Landrum
|
0-0: Ball 1-0: Ball 2-0: Ball 3-0: Swinging Strike 3-1: Ground out 1-3 (Groundball, P, EV 67.5 MPH)
|
|
Batting: LHB Pablo Cardona
|
0-0: Ball 1-0: Ball 2-0: Called Strike 2-1: Called Strike 2-2: Ball 3-2: Base on Balls
|
|
Batting: SHB Ramon Perez
|
0-0: Foul Ball, location: 2F 0-1: Swinging Strike 0-2: Strikes out swinging
|
|
Batting: SHB Orlando Torres
|
0-0: Called Strike 0-1: Called Strike 0-2: Ground out U3 (Groundball, 3, EV 100.0 MPH)
|
| Bottom of the 8th over - 0 runs, 0 hits, 0 errors, 1 left on base; Colorado (EL) 3 - Biloxi 8 |
| TOP OF THE 9TH |
|
Colorado (EL) Rockies batting - Pitching for Biloxi Shuckers : RHP Jon Warren
|
|
Batting: RHB Manny Thompson
|
0-0: Called Strike 0-1: Swinging Strike 0-2: Foul Ball, location: 2F 0-2: Strikes out swinging
|
|
Batting: RHB Juan Gallardo
|
0-0: Ground out U3 (Groundball, 34, EV 79.4 MPH)
|
|
Batting: RHB Doug D'Onofrio
|
0-0: Ball 1-0: Ball 2-0: Called Strike 2-1: Called Strike 2-2: Ball 3-2: Base on Balls
|
|
Pitching: RHP Ernie Schmutz
|
|
|
Batting: RHB Kevin Tangeman
|
0-0: Ball 1-0: Fly out, F9 (Line Drive, 9D, EV 86.9 MPH)
|
| Top of the 9th over - 0 runs, 0 hits, 0 errors, 1 left on base; Colorado (EL) 3 - Biloxi 8 |
|